AoeStats
← Himurak3n

Black Forest

508738775Analyzed
3v3 RM · 9d ago on Sep 23, 2026· 128m 9s· 6 players
Game mode
Random Map
Map size
Normal (6 player)
Population
200
Speed
Normal
Resources
Standard
Victory
Conquest
Starting age
Dark Age
Ending age
Imperial Age
RankedLock teamsTeams togetherTeam positionsShared explorationLock speedFull tech treeHidden civsTurbo modeCheats
Victory
Defeat
🇸🇪 Varangians · Sweden
493
+17
🇻🇪 Franks · Venezuela
492
+17
🇪🇸 Turks · Spain
309
+25
🇪🇸 Mongols · Spain
533
-20
🇪🇸 Burgundians · Spain
520
-20
🇪🇸 Spanish · Spain
503
-19
sstylevines
19:32 Feudal Age
21:06 Wheelbarrow
20:15 Horse Collar
20:23 Double-Bit Axe
28:09 Forging
27:50 Fletching
28:00 Padded Archer Armor
28:01 Scale Mail Armor
28:07 Scale Barding Armor
34:15 Castle Age
32:25 Arson
35:51 Hand Cart
36:14 Iron Casting
35:34 Bodkin Arrow
35:55 Leather Archer Armor
35:55 Chain Mail Armor
36:01 Chain Barding Armor
36:27 Coinage
35:59 Caravan
36:02 Crossbowman
38:12 Thumb Ring
46:42 Imperial Age
48:16 Banking
52:04 Elite Janissary
53:49 Blast Furnace
56:26 Gold Mining
56:27 Stone Mining
63:52 Guilds
77:27 Gold Shaft Mining
86:18 Bow Saw
86:23 Heavy Plow
Ronny. F Sweden
0:32 Loom
17:23 Feudal Age
18:08 Town Watch
18:58 Wheelbarrow
18:16 Stone Mining
18:13 Double-Bit Axe
18:21 Gold Mining
18:17 Horse Collar
19:41 Forging
19:32 Scale Mail Armor
19:22 Fletching
19:38 Scale Barding Armor
20:34 Padded Archer Armor
20:53 Man-at-Arms
21:19 Arson
27:21 Castle Age
28:16 Caravan
28:46 Coinage
28:33 Long Swordsman
28:34 Pikeman
29:00 Gambesons
29:15 Squires
28:38 Elite Skirmisher
28:38 Crossbowman
30:14 Town Patrol
30:29 Hand Cart
31:24 Leather Archer Armor
31:31 Chain Barding Armor
31:26 Chain Mail Armor
32:48 Iron Casting
32:08 Bodkin Arrow
32:38 Vendel Legacy
36:08 Devotion
36:09 Atonement
36:07 Herbal Medicine
36:22 Fervor
37:36 Bodkin Arrow
40:16 Imperial Age
39:17 Guard Tower
39:23 Murder Holes
39:09 Treadmill Crane
39:39 Masonry
40:33 Heavy Plow
40:49 Fortified Wall
41:00 Ballistics
41:20 Conscription
41:39 Ring Archer Armor
42:34 Illumination
42:46 Theocracy
42:59 Plate Mail Armor
42:24 Halberdier
43:41 Bracer
45:36 Blast Furnace
46:36 Chemistry
46:37 Crop Rotation
47:33 Gothikon
49:10 Elite Varangian Guard
49:10 Two-Handed Swordsman
49:13 Cranequins
50:21 Bow Saw
50:51 Plate Barding Armor
52:22 Architecture
51:57 Siege Engineers
52:49 Heated Shot
53:44 Gothikon
55:34 Banking
55:14 Guilds
54:41 Onager
57:04 Elite Jarl
58:47 Capped Ram
60:01 Heavy Scorpion
61:11 Heavy Mounted Crossbowman
64:07 Faith
68:45 Siege Ram
79:01 Two-Man Saw
120:12 Siphons
120:28 Shipwright
120:18 Clinker Construction
120:18 Careening
120:50 Stone Shaft Mining
124:21 Cavalier
124:22 Light Cavalry
125:03 Husbandry
125:14 Bloodlines
Himurak3n
1:06 Loom
13:22 Feudal Age
15:14 Town Watch
19:14 Double-Bit Axe
20:40 Wheelbarrow
25:25 Castle Age
23:30 Stone Mining
29:28 Fervor
29:32 Forging
32:41 Scale Barding Armor
33:48 Husbandry
33:44 Fletching
34:17 Ballistics
35:22 Squires
36:59 Light Cavalry
38:16 Fortified Wall
38:33 Caravan
39:25 Murder Holes
40:39 Padded Archer Armor
46:36 Imperial Age
44:47 Ordonnance Companies
46:47 Chain Barding Armor
47:03 Iron Casting
47:43 Conscription
47:21 Elite Skirmisher
49:35 Chemistry
48:33 Bodkin Arrow
49:35 Cavalier
52:09 Paladin
52:47 Gold Mining
56:54 Plate Barding Armor
57:20 Blast Furnace
64:30 Scale Mail Armor
67:07 Elite Throwing Axeman
72:46 Chivalry
88:15 Gold Shaft Mining
87:59 Leather Archer Armor
92:58 Hand Cart
97:04 Cranequins
97:05 Heavy Mounted Crossbowman
101:18 Pikeman
101:43 Arson
101:50 Gambesons
102:08 Halberdier
103:30 Chain Mail Armor
102:41 Heavy Scorpion
109:32 Plate Mail Armor
LA TANQUETA
13:12 Double-Bit Axe
18:39 Feudal Age
18:43 Stone Mining
23:57 Castle Age
23:09 Bow Saw
27:29 Wheelbarrow
26:43 Horse Collar
28:07 Stone Shaft Mining
28:40 Gold Mining
29:08 Fletching
30:26 Hand Cart
33:11 Bodkin Arrow
36:33 Heavy Plow
43:59 Burgundian Vineyards
49:36 Imperial Age
46:54 Cavalier
53:21 Scale Barding Armor
53:27 Forging
53:17 Bracer
53:18 Scale Mail Armor
53:21 Padded Archer Armor
55:54 Crop Rotation
55:22 Paladin
59:11 Chain Barding Armor
59:07 Chain Mail Armor
59:27 Iron Casting
58:59 Husbandry
69:54 Conscription
73:33 Blast Furnace
73:15 Plate Barding Armor
74:21 Elite Skirmisher
84:23 Plate Mail Armor
84:11 Leather Archer Armor
86:59 Caravan
100:20 Squires
99:41 Pikeman
112:16 Halberdier
melauta
2:05 Loom
16:50 Feudal Age
19:12 Horse Collar
20:01 Double-Bit Axe
21:02 Gold Mining
28:33 Castle Age
29:41 Wheelbarrow
28:55 Town Watch
39:22 Caravan
40:46 Bow Saw
40:48 Pikeman
46:54 Imperial Age
44:46 Hand Cart
45:12 Gold Mining
45:13 Stone Mining
45:27 Squires
46:19 Forging
46:16 Scale Barding Armor
46:12 Scale Mail Armor
46:38 Ballistics
46:30 Masonry
46:16 Murder Holes
46:39 Fortified Wall
52:39 Onager
52:54 Elite Conquistador
55:41 Cavalier
58:24 Paladin
59:07 Husbandry
60:49 Halberdier
63:57 Chain Barding Armor
64:13 Iron Casting
63:54 Chain Mail Armor
79:15 Town Patrol
120:15 Heavy Plow
123:02 Plate Mail Armor
123:36 Blast Furnace
mendiallianza
0:33 Loom
10:41 Feudal Age
11:10 Horse Collar
11:19 Double-Bit Axe
12:42 Wheelbarrow
24:21 Castle Age
24:40 Forging
25:50 Bow Saw
25:43 Heavy Plow
26:50 Hand Cart
26:29 Town Watch
27:07 Scale Mail Armor
33:16 Iron Casting
36:46 Scale Barding Armor
40:13 Gold Mining
44:05 Imperial Age
44:17 Ballistics
43:49 Light Cavalry
47:27 Chemistry
46:38 Thumb Ring
46:58 Padded Archer Armor
47:42 Hussar
49:43 Elite Mangudai
50:44 Conscription
50:47 Drill
50:24 Fletching
50:51 Leather Archer Armor
51:42 Onager
57:13 Blast Furnace
56:09 Bodkin Arrow
61:49 Bracer
64:34 Bloodlines
64:25 Husbandry
64:45 Elite Skirmisher
66:50 Chain Barding Armor
67:47 Siege Engineers
72:49 Siege Onager
76:06 Pikeman
78:47 Chain Mail Armor
Connection lost

Rejoining the realm…

Still unreachable

The connection could not be restored.

Session expired

The server has moved on; the page needs a fresh start.